 Dungeon Crawl Stone Soup version 0.30.1-9-gdf580d7c3d (webtiles) character file.

Game seed: 17430349170628722587

238 booth the Chopper (level 5, 0/41 HPs)
             Began as a Demonspawn Gladiator on Oct 3, 2023.
             Killed by divine providence
             ... invoked by an orc priest
              (10 damage)
             ... on level 3 of the Dungeon.
             The game lasted 00:15:18 (2409 turns).

booth the Chopper (Demonspawn Gladiator)            Turns: 2409, Time: 00:15:19

Health: 0/41       AC:  5    Str: 22    XL:     5   Next: 78%
Magic:  5/5        EV: 13    Int: 12    God:
Gold:   75         SH:  0    Dex: 14    Spells: 4/4 levels left

rFire   . . .        a - +0 war axe
rCold   . . .        (no shield)
rNeg    . . .        b - +0 leather armour
rPois   .            c - +0 helmet
rElec   .            o - +0 cloak
rCorr   .            (no gloves)
SInv    +            (no boots)
Will    .....        (no amulet)
Stlth   +            n - +6 ring of strength
HPRegen 0.26/turn    q - ring of see invisible
MPRegen 0.09/turn

%: no passive effects
@: hasted, very quick
A: ignite blood 1, big brain 1, demonic touch 2
a: no special abilities


You were on level 3 of the Dungeon.
You visited 1 branch of the dungeon, and saw 3 of its levels.

You collected 75 gold pieces.

Inventory:

Hand Weapons
 a - a +0 war axe (weapon)
 r - a +0 mace
Missiles
 d - 3 throwing nets
 e - a javelin
 m - 5 boomerangs (quivered)
 s - 2 poisoned darts
Armour
 b - a +0 leather armour (worn)
 c - a +0 helmet (worn)
 j - a +0 ring mail
 o - a +0 cloak (worn)
Jewellery
 g - a +6 ring of intelligence
 n - a +6 ring of strength (left hand)
 q - a ring of see invisible (right hand)
Potions
 f - a potion of mutation
 h - a potion of brilliance
 i - a potion of lignification {unknown}
 k - a potion of might {unknown}
 p - a potion of attraction


   Skills:
 + Level 3.2 Fighting
 * Level 4.2 Axes
 + Level 2.9 Throwing
 + Level 3.5 Dodging


You had 4 spell levels left.
You didn't know any spells.
Your spell library contained the following spells:

 Spells                   Type           Power      Damage    Failure   Level
 Static Discharge         Conj/Air       0%         2-2/arc   50%         2
 Airstrike                Air            0%         2d(0-16)  98%         4
 Summon Lightning Spire   Summ/Air       0%         N/A       98%         4


Dungeon Overview and Level Annotations

Branches:
Dungeon (3/15)

Altars:
Ashenzari

Shops:
D:2 !


Innate Abilities, Weirdness & Mutations

Your demonic aura sometimes causes spilled blood to erupt in flames.
You have an unusually large brain. (Int +2)
Your touch may inflict irresistible damage on your foes.


Message History

Pain shoots through your body! The orc attacks as you move away!
The orc closely misses you.
You hit the orc but do no damage. The orc completely misses you.
The orc closely misses you.
You closely miss the orc. Your touch misses the orc. You hit the orc.
The orc hits you with a +0 flail. The orc hits you with a +0 war axe.
You barely miss the orc. x2; The orc hits you with a +0 flail.
The rat twitches its whiskers.
The orc hits you with a +0 war axe.
An orc comes into view. It is wielding a +0 club.
The orc hits you with a +0 flail!
* * * LOW HITPOINT WARNING * * *
An orc wizard comes into view. It is wielding a +0 dagger.
The orc closely misses you.
A worm comes into view.
You closely miss the orc.
The orc is almost dead.
You hit the orc but do no damage. You closely miss the orc.
You closely miss the rat. You barely miss the orc. The rat closely misses you.
The orc closely misses you. The rat barely misses you.
The orc completely misses you.
An orc comes into view. It is wielding a +0 whip.
You closely miss the orc.
The orc is almost dead.
You hit the orc. You hit the rat.
You kill the rat!
You closely miss the orc. The orc closely misses you.
The orc priest calls upon Beogh to heal the orc.
The orc is healed somewhat.
The orc hits you from afar with a +0 trident.
* * * LOW HITPOINT WARNING * * *
The orc misses you.
The orc wizard casts a spell.
The orc wizard flickers and vanishes for a moment.
It was a potion of haste.
You feel yourself speed up. The orc misses you.
The orc hits you but does no damage.
The orc throws a boomerang.
The boomerang hits you but does no damage.
The orc priest calls down the wrath of Beogh upon you.
Beogh smites you!
You die...

#. .#.. .. #. ..#...#..# #.
#.# #.. #...#....#... #.#
.####.###.###...#.# #.#
......$#...#...... #.#
#..o#w..#..# ##.###
...o...#o.o.....# #.....
#.#######.o.....#######..##
#o@o...............
#####.#.....#####..
#.#..⌠.##...##.
#†....##8....##
#....###.._...# #†#.##
#8...... #..[# .##......
##.)#>..#####..
#..#.......##.


You could see a worm, an orc priest, an orc wizard (invisible) and 4 orcs.

Vanquished Creatures
  Sigmund (D:2)
  An adder (D:2)
  2 worms (D:2)
  4 bats
  4 endoplasms
  5 giant cockroaches
  8 hobgoblins
  2 quokkas
  3 ball pythons (D:1)
  A frilled lizard (D:2)
  11 goblins
  5 kobolds
  5 rats
52 creatures vanquished.

Notes
Turn   | Place    | Note
-------+----------+-------------------------------------------
     0 | D:1      | booth the Demonspawn Gladiator began the quest for the Orb.
     0 | D:1      | Reached XP level 1. HP: 16/16 MP: 1/1
   187 | D:1      | Gained mutation: Your demonic aura sometimes causes spilled
                  | blood to erupt in flames. [demonic ancestry]
   187 | D:1      | Reached XP level 2. HP: 14/22 MP: 2/2
   426 | D:1      | Reached skill level 3 in Axes
   919 | D:1      | Gained mutation: You have an unusually large brain. (Int
                  | +2) [demonic ancestry]
   919 | D:1      | Reached XP level 3. HP: 28/28 MP: 3/3
  1097 | D:2      | Found Keitaet's Distillery.
  1438 | D:2      | Noticed Sigmund
  1850 | D:2      | Killed Sigmund
  1851 | D:2      | Reached skill level 4 in Axes
  1851 | D:2      | Gained mutation: Your touch may inflict minor irresistible
                  | damage on your foes. [demonic ancestry]
  1851 | D:2      | Reached XP level 4. HP: 20/35 MP: 4/4
  1851 | D:2      | Gained mutation: Your touch may inflict irresistible damage
                  | on your foes. [demonic ancestry]
  1851 | D:2      | Reached XP level 5. HP: 24/41 MP: 5/5
  2339 | D:3      | Found a faded altar of an unknown god.
  2345 | D:3      | Found a broken altar of Ashenzari.
  2409 | D:3      | Killed from afar by an orc priest

Illustrated notes

Levels and vault maps discovered:
D:1:      evilmike_arrival_rings, layout_basic, minmay_pentomino_t2
D:2:      layout_basic, serial_shops, shop, uniq_sigmund
D:3:      layout_rooms, mainiacjoe_overflow_six_doors_small,
          nicolae_ru_awakened_eye, nicolae_overflow_ecumenical_swirl,
          ebering_ghost_gozag, shapermc_ecumenical_altar_hornbeckon,
          st_stairs_2, chequers_serial_rivers_micro_b,
          minmay_misc_feat_four_crosses

Skill      XL: |  1  2  3 |
---------------+----------+-----
Throwing       | 2 |  2.9
Axes           | 3 4 |  4.2
Dodging        | 3 |  3.5
Fighting       | 3 |  3.2

Action                     |  1- 3 |  4- 6 || total
---------------------------+-------+-------++-------
  Melee: War axe           |   123 |    21 ||   144
         Touch             |       |     2 ||     2
  Throw: Dart              |     2 |       ||     2
         Boomerang         |     2 |       ||     2
    Use: Scroll            |     6 |       ||     6
         Potion            |       |     2 ||     2
 Armour: Leather armour    |    33 |     5 ||    38
  Dodge: Dodged            |    88 |    13 ||   101
